Unix NetHack Version 3.7.0-89 Work-in-progress - last build Oct 29 2023 02:39:45 (20cca84197b74dff38aa9bb07c633f6875ef724d,branch:master). Game began 2023-10-31 17:23:36, ended 2023-10-31 17:38:07. BeanNighe, neutral male human Tourist ----- ....| ----- #|=.>| |%..| ##....| |...| #-----#####-...| ####### -|--- ### # # #a #@a | :. .| .| | BeanNighe the Sightseer St:12 Dx:9 Co:18 In:13 Wi:8 Ch:15 Neutral Dlvl:8 $:355 HP:0(34) Pw:12(12) AC:0 Xp:4/111 T:2844 Hungry Latest messages: The jackal misses the giant ant. A trap door opens up under you! You fall down a deep shaft! You climb up the stairs. The killer bee stings! The killer bee stings! The killer bee just misses! The killer bee misses! The killer bee misses! The killer bee misses! The killer bee misses! You are beginning to feel hungry. The killer bee stings! The killer bee stings! The killer bee stings! The door opens. The killer bee misses! The killer bee stings! The killer bee misses! The door resists! The killer bee stings! The door opens. The killer bee misses! You hear a nearby zap. You hear something crash through the ground. The killer bee misses! The killer bee stings! The killer bee misses! The killer bee just misses! The killer bee misses! What do you want to use or apply? [lmpwzD or ?*] In what direction? The killer bee is blinded by the flash! The killer bee turns to flee. The killer bee misses! The killer bee misses! The killer bee misses! The killer bee stings! The killer bee stings! You miss the killer bee. The killer bee misses! The killer bee stings! The killer bee misses! You miss the killer bee. The killer bee stings! You miss the killer bee. The killer bee misses! You miss the killer bee. The killer bee stings! You die... Inventory: Coins ('$') $ - 355 gold pieces Weapons (')') n - 7 uncursed +0 silver arrows a - 34 blessed +2 darts C - 3 cursed +0 darts Armor ('[') r - an uncursed +0 orcish helm (being worn) K - an uncursed +0 pair of iron shoes (being worn) M - an uncursed +1 dwarvish cloak (being worn) k - an uncursed +0 Hawaiian shirt with a sea turtle motif (being worn) N - an uncursed +0 dwarvish mithril-coat (being worn) Comestibles ('%') h - an uncursed banana d - 4 uncursed food rations g - an uncursed lembas wafer b - an uncursed egg Scrolls ('?') H - an uncursed scroll of earth P - a cursed scroll of enchant armor E - an uncursed scroll of gold detection O - an uncursed scroll of punishment A - an uncursed scroll of remove curse Potions ('!') F - an uncursed potion of blindness y - a blessed potion of extra healing i - 2 uncursed potions of extra healing s - an uncursed potion of polymorph Q - an uncursed potion of see invisible Rings ('=') B - a cursed -5 ring of increase damage Wands ('/') z - an uncursed wand of digging (0:3) D - an uncursed wand of magic missile (0:5) p - an uncursed wand of magic missile (0:3) Tools ('(') m - an uncursed credit card l - an uncursed expensive camera (0:73) w - a cursed oil lamp Gems/Stones ('*') v - an uncursed worthless piece of red glass q - a cursed worthless piece of white glass BeanNighe the Tourist's attributes: Background: You were a Sightseer, a level 4 male human Tourist. You were neutral, on a mission for The Lady who was opposed by Blind Io (lawful) and Offler (chaotic). You were in the Dungeons of Doom, on level 8. You entered the dungeon 2844 turns ago. There was a full moon in effect when your adventure ended. You had 111 experience points, 49 more were needed to attain level 5. Basics: You had 0 out of 34 hit points. You had all 12 energy points (spell power). Your armor class was 0. Your wallet contained 355 zorkmids. Autopickup was on for '$?!"=/*', with exceptions. Final Characteristics: Your strength was 12 (limit:18/100). Your dexterity was 9 (limit:18). Your constitution was 18 (limit:18). Your intelligence was 13 (limit:18). Your wisdom was 8 (limit:18). Your charisma was 15 (limit:18). Final Status: You were hungry. You were unencumbered. You were bare handed. You were unskilled in bare handed combat. Final Attributes: You were piously aligned. You were guarded. You were lucky. You are dead. Miscellaneous: You disabled loading of bones levels. Total elapsed playing time was 14 minutes and 30 seconds. Major events: Turn 1: BeanNighe the neutral male human Tourist entered the dungeon 614: entered the Gnomish Mines 1494: attained the rank of Sightseer (level 3) 2844: killed by a killer bee Vanquished creatures: a gnome leader a floating eye a dwarf a rothe an orc zombie a werejackal an acid blob a coyote 3 hobbits 2 large kobolds 2 hobgoblins 2 cave spiders a red mold 3 geckos a fox 2 goblins a sewer rat a grid bug 2 lichens 2 kobold zombies 4 newts 34 creatures vanquished. No species were genocided or became extinct. Voluntary challenges: You never hit with a wielded weapon. You read items or engraved 4 times. You engraved Elbereth 1 time. You never genocided any monsters. You never polymorphed an object. You used no wishes. Achievements: You entered the Gnomish Mines. You attained the rank of Sightseer. You entered a shop. The Dungeons of Doom: levels 1 to 9 Level 1: A sink. Level 2: Level 3: A grave. Stairs down to The Gnomish Mines. Level 4: Some fountains. Level 5: Level 6: A general store, a fountain. Level 8: <- You were here. Final resting place for you, killed by a killer bee. Level 9: The Gnomish Mines: Level 4: Game over: ---------- / \ / REST \ / IN \ / PEACE \ / \ | BeanNighe | | 355 Au | | killed by a | | killer bee | | | | | | 2023 | *| * * * | * _________)/\\_//(\/(/\)/\//\/|_)_______ Aloha BeanNighe the Tourist... You died in The Dungeons of Doom on dungeon level 8 with 1144 points, and 355 pieces of gold, after 2844 moves. You were level 4 with a maximum of 34 hit points when you died.